Map: Neon Violet Square LE

Players

Kelazhur

  • Race: Terran Terran
  • League: Master
  • Spawn Location: 5:00

SpeCial - Winner!

  • Race: Terran Terran
  • League: Master
  • Spawn Location: 11:00

Event: IEM Season 12 - PyeongChang

VOD

Have the link to the VOD?

Description

Time

  • Played on: Feb. 4, 2018, 2:19 p.m.
  • Length: 14:05

All games in this series

Show
View Real Time Build Order
Export as new Build Order

Kelazhur Terran 

Build Orders: Mech 

Get SALT Encoding   

  12  0:01  SCV  
  13  0:13  SCV  
  14  0:17  Supply Depot  
  14  0:25  SCV  
  15  0:29  Refinery  
  15  0:39  SCV  
  16  0:45  Barracks  
  16  0:51  SCV  
  17  1:03  SCV  
  18  1:15  SCV  
  20  1:32  Reaper, Orbital Command  
  20  1:46  Command Center  
  20  1:57  Factory  
  20  2:00  SCV  
  21  2:06  Barracks Reactor  
  21  2:11  Supply Depot  
  21  2:14  SCV  
  22  2:19  Refinery  
  22  2:26  SCV  
  23  2:39  SCV  
  24  2:48  Hellion x2  
  24  2:51  SCV  
  29  2:57  Orbital Command  
  29  3:03  SCV  
  30  3:12  Cyclone  
  33  3:13  Cyclone  
  33  3:15  SCV  
  37  3:24  Supply Depot, SCV  
  38  3:27  SCV  
  39  3:36  SCV  
  39  3:39  SCV  
  41  3:48  SCV  
  41  3:51  SCV  
  42  3:56  Cyclone x2  
  42  4:00  SCV  
  42  4:02  Command Center  
  49  4:08  SCV  
  49  4:09  Supply Depot  
  50  4:13  SCV  
  50  4:16  Supply Depot  
  51  4:20  SCV  
  52  4:24  Supply Depot  
  52  4:25  SCV  
  52  4:27  Factory  
  52  4:28  Factory  
  52  4:29  Barracks Tech Lab  
  53  4:33  SCV  
  53  4:37  SCV  
  55  4:42  Hellion  
  55  4:43  Hellion  
  60  4:45  SCV  
  60  4:49  SCV  
  60  4:56  Engineering Bay  
  60  4:57  SCV, Barracks Tech Lab  
  59  5:02  SCV  
  58  5:09  SCV  
  51  5:22  SCV  
  51  5:24  Missile Turret  
  51  5:25  SCV  
  51  5:30  Missile Turret  
  51  5:34  SCV  
  52  5:37  SCV  
  52  5:42  Hellion x2, Siege Tank x2  
  63  5:45  Refinery  
  63  5:46  SCV, Refinery  
  63  5:49  SCV  
  65  5:59  SCV  
  65  6:01  SCV  
  52  6:04  Orbital Command  
  67  6:05  Missile Turret  
  67  6:11  SCV  
  68  6:13  Hellion x2, SCV  
  73  6:23  SCV  
  73  6:25  Cyclone x2, SCV, Refinery  
  81  6:31  Supply Depot  
  81  6:32  SCV  
  82  6:38  Cyclone x2  
  88  6:45  SCV  
  88  6:49  SCV x2  
  90  6:57  SCV  
  90  7:01  SCV x2  
  90  7:04  Refinery  
  92  7:09  SCV  
  92  7:10  Supply Depot  
  92  7:13  SCV x2  
  94  7:21  SCV  
  95  7:23  Siege Tank x2  
  95  7:27  Supply Depot  
  101  7:31  SCV, Hellion x2  
  101  7:32  Supply Depot  
  101  7:33  Armory  
  104  7:40  SCV  
  104  7:43  SCV  
  96  7:44  SCV  
  97  7:52  SCV  
  97  7:54  Barracks Reactor  
  97  7:55  SCV, Factory  
  97  7:57  Factory, Starport  
  97  7:58  Supply Depot  
  99  7:59  SCV  
  99  8:03  Siege Tank  
  99  8:04  SCV  
  104  8:08  Siege Tank  
  107  8:13  Hellion x2  
  107  8:18  Supply Depot  
  111  8:20  Supply Depot  
  109  8:29  Supply Depot  
  109  8:30  Supply Depot, Terran Vehicle Weapons Level 1  
  109  8:44  Factory Tech Lab, Factory Reactor  
  109  8:45  Viking x2  
  113  8:52  Siege Tank  
  113  8:53  Siege Tank  
  113  8:54  Hellion  
  113  8:55  Hellion  
  123  9:10  Command Center  
  123  9:15  Siege Tank  
  126  9:18  Viking x2  
  130  9:25  Siege Tank  
  130  9:30  Siege Tank  
  133  9:38  Hellion x4  
  141  9:47  Siege Tank  
  141  9:48  Viking x2, Armory  
  141  9:51  Supply Depot  
  141  9:52  Supply Depot  
  148  9:58  Supply Depot  
  148  10:03  Infernal Pre-Igniter  
  148  10:12  Hellion  
  148  10:13  Supply Depot, Hellion x3, Siege Tank  
  157  10:14  Siege Tank  
  157  10:19  Siege Tank  
  157  10:20  Viking x2  
  165  10:33  Orbital Command  
  165  10:41  Hellion x2  
  165  10:42  Hellion x2  
  173  10:45  Siege Tank  
  167  11:00  Siege Tank x2  
  167  11:03  Hellion x2  
  171  11:08  Viking  
  171  11:11  Liberator  
  170  11:17  Siege Tank  
  173  11:21  Liberator  
  171  11:31  Command Center  
  171  11:32  Siege Tank  
  171  11:46  Hellion, Siege Tank  
  164  11:50  Terran Vehicle And Ship Armor Level 1, Supply Depot  
  158  11:55  Refinery  
  158  11:56  Hellion x2  
  140  12:02  Supply Depot  
  140  12:24  Viking x2  
  144  12:32  Thor  
  144  12:33  Thor  
  156  12:59  Missile Turret  
  137  13:14  Thor  
  137  13:16  Thor  
  137  13:17  Viking x2  
Show
View Real Time Build Order
Export as new Build Order

SpeCial Terran - Winner!

Build Orders: Mech, Banshee Rush 

Get SALT Encoding   

  12  0:00  SCV  
  13  0:13  SCV  
  14  0:18  Supply Depot  
  14  0:25  SCV  
  15  0:30  Refinery  
  15  0:39  SCV  
  16  0:45  Barracks  
  16  0:51  SCV  
  17  1:03  SCV  
  18  1:15  SCV  
  20  1:33  Reaper, Orbital Command  
  20  1:47  Command Center  
  20  1:58  Factory  
  20  2:01  SCV  
  20  2:07  Barracks Reactor  
  21  2:13  SCV  
  22  2:16  Supply Depot  
  22  2:22  Refinery  
  22  2:25  SCV  
  23  2:38  SCV  
  24  2:44  Starport  
  24  2:48  Hellion  
  24  2:50  Hellion, SCV  
  29  2:59  Orbital Command  
  29  3:02  Barracks Tech Lab  
  29  3:04  SCV  
  30  3:12  Hellion  
  32  3:16  Hellion  
  32  3:18  SCV  
  35  3:25  SCV  
  36  3:28  Cloaking Field  
  36  3:33  Banshee  
  39  3:36  SCV  
  39  3:37  SCV  
  41  3:45  Hellion  
  41  3:48  SCV  
  46  3:54  SCV  
  46  3:55  Supply Depot  
  45  4:00  SCV  
  45  4:07  SCV  
  46  4:16  Cyclone x2, SCV  
  53  4:19  Supply Depot, SCV  
  54  4:39  Refinery  
  54  4:40  Banshee, Refinery  
  54  4:41  Supply Depot, SCV x2  
  54  4:42  Command Center  
  59  4:53  SCV x2  
  59  4:54  Barracks Tech Lab  
  61  5:05  SCV x2  
  63  5:12  Cyclone x2  
  65  5:17  SCV x2  
  64  5:23  Banshee  
  67  5:29  SCV  
  67  5:33  SCV  
  67  5:35  Armory  
  69  5:41  SCV  
  70  5:53  Factory  
  70  5:54  SCV x2  
  70  5:56  Orbital Command  
  72  5:57  Factory  
  72  6:01  Siege Tank  
  75  6:06  SCV x2  
  75  6:07  Refinery x2  
  77  6:18  Starport Reactor, SCV x2  
  76  6:20  Command Center  
  76  6:23  SCV  
  76  6:24  Terran Vehicle Weapons Level 1  
  77  6:30  SCV x2  
  77  6:33  Siege Tank  
  77  6:35  SCV  
  77  6:38  Supply Depot  
  81  6:42  SCV x2  
  83  6:47  Hellion  
  83  6:48  Liberator x2  
  83  6:51  Supply Depot  
  83  6:53  Supply Depot, SCV  
  83  6:54  Hellion, SCV x2  
  90  7:02  Siege Tank  
  90  7:05  SCV  
  90  7:06  SCV  
  101  7:09  SCV  
  101  7:10  Supply Depot, Hellion  
  101  7:14  Supply Depot  
  101  7:15  Hellion  
  103  7:18  SCV x2  
  103  7:21  SCV  
  103  7:25  Siege Tank  
  105  7:30  SCV x2  
  105  7:31  Hellion  
  105  7:33  SCV  
  105  7:36  Hellion  
  110  7:42  SCV  
  110  7:43  SCV  
  100  7:46  SCV  
  100  7:50  Siege Tank  
  110  7:51  Viking x2  
  110  7:52  Hellion  
  110  7:58  Supply Depot, Hellion  
  112  7:59  SCV x3  
  115  8:07  Factory x2  
  115  8:09  Armory  
  112  8:18  Supply Depot, Hellion, Siege Tank  
  112  8:19  Hellion  
  119  8:20  SCV  
  119  8:21  SCV  
  119  8:22  Siege Tank  
  119  8:24  Orbital Command  
  119  8:26  SCV  
  125  8:32  SCV  
  126  8:37  Viking x2  
  126  8:39  Refinery  
  130  8:44  SCV  
  130  8:45  SCV, Refinery  
  130  8:47  SCV  
  131  8:49  Supply Depot  
  131  8:56  Hellion x2, Factory Tech Lab, Factory Reactor  
  131  8:58  Siege Tank x2  
  141  9:02  Terran Vehicle Weapons Level 2  
  141  9:03  Terran Vehicle And Ship Armor Level 1  
  141  9:04  Supply Depot  
  141  9:10  Viking x2  
  141  9:16  Supply Depot  
  145  9:17  Hellion x2, Engineering Bay  
  145  9:18  Supply Depot  
  145  9:20  Siege Tank  
  152  9:28  Supply Depot  
  150  9:35  SCV x3  
  150  9:38  Hellion x2  
  157  9:39  Hellion x2, Siege Tank  
  157  9:40  Infernal Pre-Igniter, Viking x2  
  157  9:43  Siege Tank  
  169  9:54  Starport  
  169  9:56  Sensor Tower, Starport  
  169  10:05  Supply Depot x2  
  169  10:09  Hellion x4  
  169  10:10  Viking x2  
  181  10:17  Siege Tank x2  
  187  10:22  Siege Tank  
  188  10:39  Starport Reactor, Starport Tech Lab  
  188  10:41  Fusion Core  
  188  10:44  Hellion x2  
  188  10:49  Siege Tank x2  
  195  10:54  Missile Turret, Siege Tank  
  196  10:58  Command Center, Liberator x2  
  196  11:01  Liberator  
  190  11:06  Hellion x2  
  190  11:08  Hellion x2  
  194  11:14  Liberator  
  197  11:21  Siege Tank  
  194  11:27  Hellion  
  194  11:31  Advanced Ballistics  
  197  11:34  Hellion  
  187  11:44  Liberator  
  187  11:45  Terran Vehicle And Ship Armor Level 2, Liberator  
  184  11:51  Hellion x3  
  190  11:54  Siege Tank x2  
  190  11:58  Liberator x2  
  190  11:59  Siege Tank  
  190  12:13  Hellion  
  190  12:21  Hellion x3  
  190  12:22  Refinery  
  196  12:24  Refinery  
  196  12:26  Siege Tank  
  199  12:31  Planetary Fortress  
  199  12:34  Hellion  
  199  12:46  Liberator x2  
  199  12:53  Liberator  
  199  12:54  Liberator  
  199  12:55  Missile Turret  
  195  13:01  Command Center  
  179  13:06  Hellion x2, Siege Tank  
  179  13:08  SCV x2  
  179  13:12  Viking  
  188  13:17  Hellion  
  188  13:18  Hellion, Siege Tank  
  195  13:38  Hellion x2  

Tags
 
Add a new tag
Caveats
  • Supply blocks, unpowered buildings, or Contaminate may cause inaccurate times.
  • Supply counts are checked every 10 seconds.